 Dungeon Crawl Stone Soup version 0.25-a0-713-g4845790874 (webtiles) character file.

Game seed: 13497265619972023700, levelgen mode: deterministic

4477 Hastur the Fighter (level 10, -1/115 HPs)
             Began as an Ogre Arcane Marksman on Apr 5, 2020.
             Was an Elder of Okawaru.
             Slain by a thrashing horror (12 damage)
             ... on level 2 of the Abyss.
             The game lasted 00:36:41 (16101 turns).

Hastur the Fighter (Ogre Arcane Marksman)          Turns: 16101, Time: 00:36:42

Health: -1/115     AC:  5    Str: 17    XL:     10   Next: 38%
Magic:  14/14      EV: 10    Int: 16    God:    Okawaru [****..]
Gold:   477        SH:  0    Dex:  9    Spells: 11/15 levels left

rFire    . . .     SeeInvis +   m - +3 dagger (venom)
rCold    . . .     Gourm    .   (no shield)
rNeg     . . .     Faith    .   a - +0 robe
rPois    .         Spirit   .   (helmet restricted)
rElec    .         Reflect  .   s - +1 cloak
rCorr    .         Harm     .   (gloves unavailable)
MR       ++...                  (boots unavailable)
Stlth    +.........             (no amulet)
HPRegen  0.29/turn              g - ring of see invisible
MPRegen  0.14/turn              o - ring of protection from magic

@: starving
A: large, unfitting armour, tough skin 1
a: Heroism, Renounce Religion


You were on level 2 of the Abyss.
You worshipped Okawaru.
Okawaru was greatly pleased with you.
You were starving.

You visited 2 branches of the dungeon, and saw 11 of its levels.
You visited the Abyss 1 time.

You collected 477 gold pieces.

Inventory:

Hand Weapons
 b - a +0 giant club
 m - a +3 dagger of venom (weapon)
 C - a +2 whip of flaming
 D - the +1 dagger of the Goat {holy, rC+ MR- Int+2 Dex+3}
   (You took it off an orc on level 6 of the Dungeon)

   It has been blessed by the Shining One to cause great damage to the undead
   and demons.
   It affects your intelligence (+2).
   It affects your dexterity (+3).
   It protects you from cold.
   It affects your resistance to hostile enchantments.
Missiles
 c - 33 poisoned darts
 j - 4 large rocks
 n - 178 stones (quivered)
 y - 2 throwing nets
 A - 3 javelins
Armour
 a - a +0 robe (worn)
 s - a +1 cloak (worn)
Jewellery
 g - a ring of see invisible (left hand)
 o - a ring of protection from magic (right hand)
 G - an uncursed ring of protection from cold
 H - an uncursed ring of protection from cold
Wands
 B - a wand of paralysis (19)
 F - a wand of flame (5)
Scrolls
 e - 3 scrolls of identify
 q - 2 scrolls of remove curse
 v - a scroll of immolation
 x - 2 scrolls of blinking {unknown}
 E - a scroll of summoning {unknown}
 I - a scroll of fear {unknown}
 J - a scroll of enchant weapon
Potions
 d - 2 potions of curing
 h - a potion of heal wounds
 i - 2 potions of flight {unknown}
 k - a potion of ambrosia
 p - a potion of might {unknown}
 r - 2 potions of lignification {unknown}
 t - a potion of haste {unknown}
 u - 2 potions of berserk rage {unknown}
 w - a potion of invisibility {unknown}
 z - a potion of stabbing {unknown}
Comestibles
 f - 3 rations


   Skills:
 - Level 12.1 Fighting
 + Level 7.5 Maces & Flails
 - Level 6.0 Throwing
 - Level 1.7 Dodging
 - Level 3.1 Spellcasting
 - Level 5.0 Hexes


You had 11 spell levels left.
You knew the following spells:

 Your Spells              Type           Power        Failure   Level  Hunger
a - Corona                Hex            ###....      2%          1    None
b - Confusing Touch       Hex            ###.....     7%          3    ###....

Your spell library contained the following spells:

 Spells                   Type           Power        Failure   Level  Hunger
 Slow                     Hex            ###.....     3%          2    ##.....
 Tukima's Dance           Hex            ###.....     7%          3    ###....
 Ensorcelled Hibernation  Hex/Ice        ##....       10%         2    ##.....
 Magic Dart               Conj           #...         19%         1    None
 Sandblast                Erth           #.....       19%         1    None
 Dazzling Flash           Conj/Hex       ##....       21%         3    ###....
 Inner Flame              Hex/Fire       ##......     21%         3    ###....
 Portal Projectile        Hex/Tloc       ##....       21%         3    ###....
 Cause Fear               Hex            ###.......   24%         4    ####...
 Blink                    Tloc           N/A          28%         2    ##.....
 Call Imp                 Summ           #.......     28%         2    ##.....
 Passwall                 Tmut/Erth      #.......     28%         2    ##.....
 Conjure Flame            Conj/Fire      #.......     50%         3    ###....
 Mephitic Cloud           Conj/Pois/Air  #.......     50%         3    ###....
 Stone Arrow              Conj/Erth      #.....       50%         3    ###....
 Leda's Liquefaction      Hex/Erth       ##........   54%         4    ####...
 Petrify                  Tmut/Erth      #.......     88%         4    ####...
 Lee's Rapid Deconstruct  Erth           #.........   99%         5    ######.


Dungeon Overview and Level Annotations

Branches:
Dungeon (11/15)            Temple (1/1) D:5            Lair (0/6) D:10
    Orc (0/2) D:10

Altars:
Ashenzari
Cheibriados
Dithmenos
Elyvilon
Fedhas
Gozag
Hepliaklqana
Kikubaaqudgha
Makhleb
Nemelex Xobeh
Okawaru
Qazlal
Ru
Sif Muna
Trog
Uskayaw
Vehumet
Wu Jian
Xom
Yredelemnul
Zin
The Shining One


Innate Abilities, Weirdness & Mutations

You are too large for most types of armour.
You have tough skin. (AC +1)


Message History

Found 32 gold pieces.
The insubstantial wisp barely misses you.
The insubstantial wisp closely misses you.
The insubstantial wisp hits you!
* * * LOW HITPOINT WARNING * * *
You see here a wand of enslavement (4).
The insubstantial wisp blinks!
The insubstantial wisp blinks!
A fire giant skeleton comes into view.
The insubstantial wisp blinks!
A thrashing horror comes into view.
The insubstantial wisp blinks!
An ancient zyme comes into view.
The thrashing horror roars!
You feel yourself growing ill in the presence of the ancient zyme.
Found 11 sling bullets.
Found a gateway leading out of the Abyss.
A thrashing horror comes into view.
The thrashing horror barely misses you. x2; The thrashing horror tramples you!
You die...

..#..# .. ##. .# . ..
... ...... #... # ...
.... .(.... ##..# #.. .
... x..X. ###. #
.#.#..#####...# ...#.##
..#.###......##.
.#.#.###...#...........
.. ##.§.v.###........∩..
#...(###./X.##.Z@.......
# ........#v.##.#X......
#. ######$.#....#.......
...# ##.####.##..../.
.... #.# #..#...##. ...v
#.. ##..#.#.. ##.#
#.####.. . .. #. ##.


You could see an ancient zyme, 2 thrashing horrors and a fire giant skeleton.

Vanquished Creatures
  Pikel (D:6)
  A hippogriff (D:7)
  A hungry ghost (D:6)
  3 wargs
  An acid dragon (D:11)
  4 orc warriors
  A phantom (D:6)
  2 ogres
  A slave (D:6)
  6 centaurs
  A big kobold (D:5)
  2 bullfrogs (D:6)
  2 scorpions (D:7)
  A water moccasin skeleton (D:6)
  A killer bee (D:11)
  7 wights
  3 howler monkeys
  4 crimson imps
  2 quasits (D:6)
  A centaur skeleton (D:8)
  2 hounds
  5 orc priests
  A bullfrog skeleton (D:4)
  2 iguanas
  Natasha (thrice) (D:3)
  13 orc wizards
  4 worker ants
  A worker ant zombie (D:5)
  10 adders
  11 gnolls
  2 oozes
  An adder skeleton (D:7)
  An adder zombie (D:7)
  6 worms
  A dart slug (D:2)
  8 leopard geckos
  46 orcs
  3 ball pythons
  12 bats
  6 giant cockroaches
  5 goblins
  11 hobgoblins
  3 jackals (D:1)
  7 quokkas
  5 frilled lizards
  9 kobolds
  A leopard gecko skeleton (D:7)
  3 quokka skeletons
  A quokka zombie (D:5)
  6 rats
234 creatures vanquished.

Vanquished Creatures (others)
  2 slaves (D:6)
  A centaur zombie (D:6)
  An orc priest (D:6)
  A centaur skeleton (D:5)
  An orc wizard (D:6)
  2 plants (D:5)
8 creatures vanquished.

Grand Total: 242 creatures vanquished

Notes
Turn   | Place    | Note
-------+----------+-------------------------------------------
     0 | D:1      | Hastur the Ogre Arcane Marksman began the quest for the
                  | Orb.
     0 | D:1      | Reached XP level 1. HP: 19/19 MP: 2/2
   276 | D:1      | Reached skill level 2 in Fighting
   338 | D:1      | Reached XP level 2. HP: 5/28 MP: 3/3
   353 | D:1      | HP: 1/28 [kobold (1)]
  1654 | D:2      | Reached XP level 3. HP: 36/36 MP: 2/4
  1732 | D:2      | Reached skill level 3 in Fighting
  2248 | D:2      | Reached XP level 4. HP: 20/46 MP: 2/5
  2722 | D:2      | Reached skill level 4 in Fighting
  3163 | D:3      | Noticed Natasha
  3170 | D:3      | Killed Natasha
  3170 | D:3      | Reached XP level 5. HP: 35/55 MP: 4/6
  3518 | D:3      | Learned a level 3 spell: Confusing Touch
  3880 | D:3      | Noticed Natasha
  3900 | D:3      | Killed Natasha
  3900 | D:3      | Reached skill level 5 in Fighting
  4129 | D:3      | Found a blossoming altar of Fedhas.
  4279 | D:3      | Reached XP level 6. HP: 66/66 MP: 5/7
  4703 | D:3      | Noticed Natasha
  4715 | D:3      | Killed Natasha
  4995 | D:4      | Found a glowing golden altar of the Shining One.
  4998 | D:4      | Found a hazy altar of Hepliaklqana.
  4999 | D:4      | Found a basalt altar of Yredelemnul.
  4999 | D:4      | Found a radiant altar of Vehumet.
  5000 | D:4      | Found a sacrificial altar of Ru.
  5002 | D:4      | Found a glowing silver altar of Zin.
  5154 | D:3      | Reached skill level 6 in Fighting
  5154 | D:3      | Reached XP level 7. HP: 30/75 MP: 8/8
  5646 | D:3      | Reached skill level 5 in Throwing
  6267 | D:5      | Entered Level 5 of the Dungeon
  6531 | D:5      | Found an iron altar of Okawaru.
  6715 | D:5      | Became a worshipper of Warmaster Okawaru
  7235 | D:5      | Reached skill level 7 in Fighting
  7235 | D:5      | Reached XP level 8. HP: 20/87 MP: 7/9
  7701 | D:5      | Reached * piety under Okawaru
  7970 | D:5      | Found a staircase to the Ecumenical Temple.
  7978 | Temple   | Entered the Ecumenical Temple
  8214 | D:5      | Reached skill level 5 in Hexes
  8646 | D:6      | Reached skill level 8 in Fighting
  8991 | D:6      | Reached skill level 9 in Fighting
  9435 | D:6      | Identified the cursed +1 dagger of the Goat {holy, rC+ MR-
                  | Int+2 Dex+3}
  9443 | D:6      | Reached skill level 10 in Fighting
  9447 | D:6      | Noticed Pikel
  9488 | D:6      | Killed Pikel
  9488 | D:6      | Reached skill level 11 in Fighting
  9488 | D:6      | Reached XP level 9. HP: 41/105 MP: 8/10
 10394 | D:6      | Reached ** piety under Okawaru
 10394 | D:6      | Reached skill level 12 in Fighting
 10733 | D:6      | Reached skill level 1 in Maces & Flails
 12476 | D:6      | Found an ancient bone altar of Kikubaaqudgha.
 12918 | D:7      | Reached skill level 5 in Maces & Flails
 12949 | D:7      | Reached *** piety under Okawaru
 12949 | D:7      | Reached XP level 10. HP: 26/115 MP: 8/14
 13913 | D:8      | You fall into a shaft and drop 3 floors!
 13918 | D:10     | Entered Level 10 of the Dungeon
 15535 | D:11     | Reached **** piety under Okawaru
 15891 | D:11     | Cast into level 1 of the Abyss (orc)
 16065 | Abyss:2  | Noticed a large abomination
 16077 | Abyss:2  | Noticed a naga warrior
 16077 | Abyss:2  | Noticed a naga warrior
 16077 | Abyss:2  | Noticed a salamander
 16099 | Abyss:2  | Noticed a thrashing horror
 16101 | Abyss:2  | Noticed a thrashing horror
 16101 | Abyss:2  | Slain by a thrashing horror

Levels and vault maps discovered:
D:1:      kilobyte_arrival_exit_the_forest, layout_basic
D:2:      layout_loops_ring
D:3:      layout_loops_ring, fedhas_ov_isle_minmay, uniq_natasha
D:4:      layout_basic, minitemple
D:5:      layout_basic, kennysheep_okawaru_gauntlet,
          minmay_temple_entry_water_ring, first_ration, lexackson_kobold_supper
D:6:      layout_loops_ring, kiku_gazebo_pond_becter, uniq_pikel,
          uniq_crazy_yiuf_cottage
D:7:      layout_rooms
D:8:      layout_loops_ring, basic_altar
D:10:     layout_layer_cave, erik_lair_orcish_takeover, zombieorc2_lemuel
D:11:     layout_basic, ebering_ghost_disaster_area, grunt_pizzeria,
          uniq_maurice
Temple:   dpeg_chambers_temple
Abyss:2:  base:
D:7

Skill      XL: |  1  2  3  4  5  6  7  8  9 10 |
---------------+-------------------------------+-----
Fighting       | 2 3 4 5 6 7 11 12 | 12.1
Throwing       | 3 4 5 6 |  6.0
Hexes          | 3 4 5 |  5.0
Maces & Flails | 5 7 |  7.5
Spellcasting   | 3 |  3.1
Dodging        | |  1.7

Action                   |  1- 3 |  4- 6 |  7- 9 | 10-12 || total
-------------------------+-------+-------+-------+-------++-------
Melee: Unarmed           |   116 |       |       |       ||   116
       Dagger            |     8 |   196 |   593 |   135 ||   932
       Giant club        |       |       |    40 |       ||    40
Throw: Large rock        |    18 |       |       |       ||    18
       Throwing net      |     4 |       |       |       ||     4
       Dart              |    29 |     2 |       |       ||    31
       Stone             |       |     5 |    21 |       ||    26
 Cast: Corona            |    21 |    63 |    59 |     1 ||   144
       Confusing Touch   |       |       |    15 |     8 ||    23
Evoke: Wand              |       |       |     6 |       ||     6
  Use: Scroll            |       |    10 |     1 |     4 ||    15
       Potion            |       |       |     2 |     2 ||     4
 Stab: Confused          |       |       |     8 |     2 ||    10
       Paralysed         |       |       |    35 |       ||    35
  Eat: Ration            |     1 |       |     6 |     1 ||     8
       Chunk             |     1 |    12 |    19 |     6 ||    38
Armor: Robe              |    46 |    56 |   169 |    28 ||   299
Dodge: Dodged            |   103 |   109 |   282 |    99 ||   593

Table legend:
 A = Non-vault XP
 B = Vault XP
 C = Vault XP percentage of total XP
 D = Non-vault monster count
 E = Vault monster count
 F = Vault count percentage of total count
                 A         B        C        D         E       F
            +---------+---------+-------+---------+---------+-------
      Total |    5008 |    1389 |  21.7 |     214 |      19 |   8.2
            +---------+---------+-------+---------+---------+-------
        D:1 |      26 |       0 |   0.0 |      14 |       0 |   0.0
        D:2 |     128 |       0 |   0.0 |      32 |       0 |   0.0
        D:3 |     365 |      35 |   8.8 |      43 |       1 |   2.3
        D:4 |     246 |       0 |   0.0 |      21 |       0 |   0.0
        D:5 |     585 |     113 |  16.2 |      21 |      10 |  32.3
        D:6 |    1312 |     617 |  32.0 |      33 |       1 |   2.9
        D:7 |    1645 |       0 |   0.0 |      36 |       0 |   0.0
        D:8 |      45 |       0 |   0.0 |       2 |       0 |   0.0
       D:10 |       3 |     173 |  98.3 |       1 |       2 |  66.7
       D:11 |     653 |     451 |  40.9 |      11 |       5 |  31.2
            +---------+---------+-------+---------+---------+-------
